 Dungeon Crawl Stone Soup version 0.28-a0-612-gcfc00ec14d (webtiles) character file.

Game seed: 9189288237530148872

575 rezius the Slasher (level 7, 0/52 HPs)
             Began as a Human Fighter on Oct 5, 2021.
             Was an Initiate of the Shining One.
             Slain by an iguana (9 damage)
             ... on level 5 of the Dungeon.
             The game lasted 00:11:43 (6518 turns).

rezius the Slasher (Human Fighter)                  Turns: 6518, Time: 00:11:43

Health: 0/52       AC:  6    Str: 18    XL:     7   Next: 61%
Magic:  0/7        EV:  9    Int:  8    God:    the Shining One [......]
Gold:   103        SH:  5    Dex: 13    Spells: 6/6 levels left

rFire   . . .      SeeInvis .   a - +0 long sword
rCold   . . .      Faith    .   c - +0 buckler
rNeg    . . .      Spirit   +   b - +0 scale mail
rPois   .          Reflect  .   (no helmet)
rElec   .          Harm     .   (no cloak)
rCorr   .          Rampage  .   (no gloves)
Will    +....                   (no boots)
Stlth   ..........              n - amulet of guardian spirit
HPRegen 0.17/turn               l - ring of willpower
MPRegen 0.10/turn               (no ring)

@: glowing
A: no striking features
a: Renounce Religion


You were on level 5 of the Dungeon.
You worshipped the Shining One.
The Shining One was noncommittal.
You visited 2 branches of the dungeon, and saw 6 of its levels.

You collected 103 gold pieces.

Inventory:

Hand Weapons
 a - a +0 long sword (weapon)
Armour
 b - a +0 scale mail (worn)
 c - a +0 buckler (worn)
Jewellery
 l - a ring of willpower (left hand)
 n - an amulet of guardian spirit (around neck)
Wands
 i - a wand of flame (13)
Scrolls
 h - a scroll of vulnerability {unknown}
 j - 2 scrolls of identify {unknown}
 k - 2 scrolls of amnesia {unknown}
 q - a scroll of acquirement {unknown}
 r - 2 scrolls of teleportation {unknown}
Potions
 d - a potion of cancellation {unknown}
 e - 2 potions of magic {unknown}
 g - a potion of degeneration {unknown}
 m - 3 potions of flight {unknown}
 o - a potion of mutation {unknown}
 p - a potion of heal wounds {unknown}


   Skills:
 - Level 3.0 Fighting
 + Level 7.4 Long Blades
 - Level 3.0 Armour
 - Level 4.0 Shields


You had 6 spell levels left.
You didn't know any spells.
Your spell library contained the following spells:

 Spells                   Type           Power      Damage    Failure   Level
 Foxfire                  Conj/Fire      0%         2x1d4     80%         1
 Conjure Flame            Conj/Fire      0%         6-21      99%         3
 Inner Flame              Hex/Fire       0%         N/A       99%         3
 Flame Wave               Conj/Fire      0%         3d3       100%        4
 Hailstorm                Conj/Ice       0%         3d3       100%        4
 Ice Form                 Ice/Tmut       0%         N/A       100%        4
 Simulacrum               Ice/Necr       0%         N/A       100%        6


Dungeon Overview and Level Annotations

Branches:
Dungeon (5/15)             Temple (1/1) D:4

Altars:
Ashenzari
Cheibriados
Dithmenos
Gozag
Hepliaklqana
Makhleb
Nemelex Xobeh
Okawaru
Qazlal
Ru
Sif Muna
Vehumet
Wu Jian
Xom
Yredelemnul
Zin
The Shining One

Shops:
D:2 *

Annotations:
D:5 1 runed translucent door, Crazy Yiuf


Message History

Items here: )) [[ ÷ †.
Found a stone staircase leading down.
There is a stone staircase leading down here.
Found a robe.
You hear the rapid rusting of a very distant drain.
Found a mace.
Found a runed translucent door.
Crazy Yiuf shouts!
Crazy Yiuf says, "Snurf seventy fast!"
You hear the rapid rusting of a distant drain.
You hear the rapid rusting of a very distant drain.
You hear the drain falling apart.
You pick up a book of the Tundra and begin reading...
You add the spells Hailstorm, Ice Form and Simulacrum to your library.
The walls and floor vibrate strangely for a moment.
An iguana comes into view.
Found a green potion.
An iguana is nearby!
The iguana bites you!
You hit the iguana.
The iguana is lightly wounded.
The iguana bites you!
You hit the iguana.
The iguana is lightly wounded.
The iguana bites you.
You closely miss the iguana.
The iguana is lightly wounded.
The iguana barely misses you. The iguana bites you!
You are too injured to fight recklessly!
You slash the iguana!
The iguana is severely wounded.
The iguana bites you!
* * * LOW HITPOINT WARNING * * *
You closely miss the iguana.
The iguana is severely wounded.
The iguana bites you.
* * * LOW HITPOINT WARNING * * *
You barely miss the iguana.
The iguana is severely wounded.
The iguana bites you!
You die...

#.# #.# #!# #.# #.# #.#
. #l# . ### #@# .
##.###########.#
.##..............#
..##.##########.......#
#.##.# #.####### ...#.#
#.# .....# #.# ...###
#.# #.## #.#


You could see an iguana.

Vanquished Creatures
  Grinder (D:3)
  2 hounds (D:4)
  2 orc priests (D:4)
  Ijyb (D:3)
  Jessica (D:3)
  An iguana (D:5)
  An orc wizard (D:5)
  A hound skeleton (D:4)
  4 gnolls (D:5)
  2 adders
  3 worms
  2 dart slugs
  9 orcs
  3 ball pythons
  5 bats
  5 endoplasms
  7 goblins
  8 hobgoblins
  6 jackals (D:1)
  8 quokkas
  3 frilled lizards
  9 kobolds
  7 rats
91 creatures vanquished.

Notes
Turn   | Place    | Note
-------+----------+-------------------------------------------
     0 | D:1      | rezius the Human Fighter began the quest for the Orb.
     0 | D:1      | Reached XP level 1. HP: 18/18 MP: 1/1
   251 | D:1      | Reached XP level 2. HP: 15/24 MP: 2/2
   839 | D:1      | Reached XP level 3. HP: 20/29 MP: 3/3
  1733 | D:2      | Reached skill level 3 in Long Blades
  1889 | D:2      | Found Qajay's General Store.
  2069 | D:2      | Reached XP level 4. HP: 15/35 MP: 4/4
  2605 | D:2      | Found a sparkling altar of Nemelex Xobeh.
  2989 | D:3      | Noticed Jessica
  3000 | D:3      | Killed Jessica
  3426 | D:3      | Noticed Ijyb
  3451 | D:3      | Killed Ijyb
  3452 | D:3      | Reached skill level 4 in Long Blades
  3452 | D:3      | Reached XP level 5. HP: 15/41 MP: 5/5
  3671 | D:3      | Found an iron altar of Okawaru.
  3775 | D:3      | Noticed Grinder
  3785 | D:3      | Paralysed by Grinder for 5 turns
  3792 | D:3      | Found a faded altar of an unknown god.
  3827 | D:3      | Killed Grinder
  3828 | D:3      | Reached skill level 6 in Long Blades
  3828 | D:3      | Reached XP level 6. HP: 18/47 MP: 6/6
  4524 | D:4      | Found a staircase to the Ecumenical Temple.
  4578 | Temple   | Entered the Ecumenical Temple
  4744 | Temple   | Became a worshipper of the Shining One
  4856 | D:4      | Reached XP level 7. HP: 30/52 MP: 7/7
  5038 | D:4      | Found a broken altar of Ashenzari.
  5326 | D:4      | Reached skill level 7 in Long Blades
  5758 | D:5      | Entered Level 5 of the Dungeon
  6426 | D:5      | Found a runed translucent door.
  6427 | D:5      | Noticed Crazy Yiuf
  6518 | D:5      | Slain by an iguana

Illustrated notes

Levels and vault maps discovered:
D:1:      roderic_crossed_star, layout_basic
D:2:      layout_basic, basic_altar, serial_shops, shop,
          hangedman_decor_opposing, minmay_misc_feat_doors
D:3:      layout_basic, lemuel_tele_altar,
          hellmonk_ecumenical_altar_heavens_door, uniq_jessica, uniq_ijyb,
          uniq_grinder
D:4:      layout_rooms, cheibrodos_ashenzari_chains, minmay_temple_entry_wispy,
          small_statue_alley_b, grunt_ministairs_13
D:5:      layout_loops_ring, portal_sewer_entry_c, uniq_crazy_yiuf_cottage
Temple:   regret_index_temple_waves

Skill      XL: |  1  2  3  4  5  6  7 |
---------------+----------------------+-----
Long Blades    | 3 4 6 7 |  7.4
Shields        | 4 |  4.0
Fighting       | |  3.0
Armour         | |  3.0

Action                   |  1- 3 |  4- 6 |  7- 9 || total
-------------------------+-------+-------+-------++-------
Melee: Long sword        |   160 |   152 |    83 ||   395
Evoke: Wand              |       |     4 |     3 ||     7
  Use: Potion            |       |     1 |     6 ||     7
Armor: Scale mail        |    88 |    59 |    18 ||   165
Dodge: Dodged            |    83 |    58 |    34 ||   175
Block: Buckler           |    42 |    33 |    15 ||    90

Table legend: (Time is in decaauts)
 A = Elapsed time spent in this place.
 B = Non-inter-level travel time spent in this place.
 C = Inter-level travel time spent in this place.
 D = Time resting spent in this place.
 E = Time spent auto-exploring this place.
 F = Levels seen in this place.
 G = Mean time per level.
                   A        B        C        D        E       F      G
               +--------+--------+--------+--------+--------+-----+--------+
         Total |   6599 |   6171 |    428 |   1111 |   4063 |   6 | 1099.8 |
       Dungeon |   6391 |   6033 |    358 |   1111 |   3942 |   5 | 1278.2 |
        Temple |    208 |    139 |     69 |      0 |    121 |   1 |  208.0 |
               +--------+--------+--------+--------+--------+-----+--------+

Top non-repeatable levels by time:
     D:2: 1628 daAuts
     D:1: 1530 daAuts
     D:3: 1510 daAuts
     D:4: 1140 daAuts
     D:5: 581 daAuts
  Temple: 208 daAuts
